 Dungeon Crawl Stone Soup version 0.30-a0-465-g8901f6c8b5 (webtiles) character file.

Game seed: 6671963085050180388

406 Zonian the Magician (level 7, -7/67 HPs)
             Began as a Djinni Ice Elementalist on Dec 18, 2022.
             Mangled by an ogre
             ... wielding a +0 giant club
              (16 damage)
             ... on level 4 of the Dungeon.
             The game lasted 00:11:58 (5233 turns).

Zonian the Magician (Djinni Ice Elementalist)       Turns: 5233, Time: 00:12:00

Health: -7/67      AC: 23    Str:  7    XL:     7   Next: 12%
Gold:   39         EV:  2    Int: 18    God:
                   SH:  0    Dex: 14

rFire   + . .      SeeInvis .    i - +1 dagger (speed)
rCold   + . .      Faith    .    (no shield)
rNeg    + . .      Spirit   .    (body armour currently unavailable)
rPois   ∞          Reflect  .    (helmet currently unavailable)
rElec   .          Harm     .    (cloak currently unavailable)
rCorr   .          Rampage  .    (gloves currently unavailable)
Will    .....      NoTele   +    (boots unavailable)
Stlth   ++........               (no amulet)
HPRegen 0.31/turn                j - ring "Uchymoci" {rF+ rC+ rN+ Slay+2}
MPRegen 0.00/turn                (no ring)

@: tree-form
A: stationary, stasis, torment immunity, boosted hp, sickness immunity, (fire
resistance 2), (cold vulnerability 1), float, innate caster, HP casting, extra
vitality 1
a: no special abilities


You were on level 4 of the Dungeon.
You were a tree.
You visited 1 branch of the dungeon, and saw 4 of its levels.

You collected 129 gold pieces.
You spent 90 gold pieces at shops.

Inventory:

Hand Weapons
 e - a +0 dagger of venom
 i - a +1 dagger of speed (weapon)
 m - a +0 vampiric dagger
Missiles
 l - 3 javelins
Armour
 a - a +1 robe (melded)
Jewellery
 j - the ring "Uchymoci" (left branch) {rF+ rC+ rN+ Slay+2}
   (You bought it in a shop on level 2 of the Dungeon)

   [ring of protection from cold]

   Slay:      It affects your accuracy & damage with ranged weapons and melee
   (+2).
   rF:        It protects you from fire.
   rC:        It protects you from cold.
   rN:        It protects you from negative energy.
Potions
 c - 4 potions of flight
 k - a potion of resistance {unknown}
 q - a potion of attraction {unknown}


   Skills:
 - Level 3.4 Dodging
 - Level 2.7 Stealth
 + Level 5.5 Spellcasting


You had one spell level left.
You knew the following spells:

 Your Spells              Type           Power      Damage    Failure   Level
a - Freeze                Ice            100%       1d10      1%          1
b - Frozen Ramparts       Ice            50%        1d8       3%          3
c - Ozocubu's Armour      Ice            25%        N/A       3%          3
d - Summon Ice Beast      Ice/Summ       25%        N/A       13%         4
e - Kiss of Death         Conj/Necr      100%       2d13      1%          1
f - Ensorcelled Hibernat  Hex/Ice        50%        N/A       1%          2
g - Scorch                Fire           50%        2d8       1%          2
Your spell library was empty.

Dungeon Overview and Level Annotations

Branches:
Dungeon (4/15)
 Temple: D:4-7

Altars:

Shops:
D:2 (:*

Annotations:
D:4 Blork the orc, Pikel


Innate Abilities, Weirdness & Mutations

You are a tree.
Your roots penetrate the ground, keeping you stationary.
You cannot be teleported.
You are immune to unholy pain and torment.
Your maximum health is greatly increased.
Your equipment is partially melded.
You are immune to sickness and miasma.
You are immune to poison.
((Your flesh is very heat resistant. (rF++)))
((You are vulnerable to cold. (rC-)))
You float through the air rather than walking.
You learn spells naturally, not from books.
Your magical power is your life essence.
You have superior vitality. (+4 MHP)


Message History

* * * LOW HITPOINT WARNING * * *
You hear a shout!
The ogre is no longer more vulnerable to fire.
The adder bites you.
* * * LOW HITPOINT WARNING * * *
The goblin hits you but does no damage.
The orc priest begins to cast a cantrip, but forgets the words!
The ogre hits you with a +0 giant club.
* * * LOW HITPOINT WARNING * * *
An orc comes into view. It is wielding a +0 whip.
The orc hits you but does no damage.
The jackal bites you but does no damage.
Casting: Scorch (safe; 1% risk of failure)
Confirm with . or Enter, or press ? or * to list all spells.
Flames lash the iguana.
The iguana is severely wounded.
The iguana's fire resistance burns away.
* * * LOW HITPOINT WARNING * * *
The adder bites you but does no damage.
The jackal bites you but does no damage.
The goblin hits you but does no damage.
The orc priest hits you but does no damage.
An orc wizard comes into view. It is wielding a +0 dagger.
The orc hits you but does no damage. The ogre hits you but does no damage.
The adder bites you but does no damage.
The jackal bites you but does no damage.
You hit the ogre but do no damage.
The ogre is severely wounded.
The goblin hits you but does no damage.
The orc priest hits you but does no damage.
The orc hits you but does no damage. The jackal barely misses you.
The adder bites you but does no damage.
Unknown command.
You puncture the ogre!
The ogre is almost dead.
The orc is no longer more vulnerable to fire.
The goblin hits you but does no damage.
The orc priest hits you but does no damage.
The ogre hits you with a +0 giant club!
You die...

.......... .#.
......#..##.. #.#.....
............ .#.....
......#... # ..>..#.
#o......# . ..#
...##.###gJ.....# .. ....
.......?#ohol...#... .....
#..###..#g♣S.......
......#..##....O.....#..
........###..........#
....>..).)...........#
......(....................
........................##.
..##.#.....#..........### .
#<.#....##...........
......................#


You could see an ogre, an iguana (combustible), an orc priest, an adder, 2 orcs,
an endoplasm, a jackal, a hobgoblin and a goblin.

Vanquished Creatures
  An ogre (D:4)
  3 scorpions
  A gnoll (D:2)
  7 adders
  A worm (D:3)
  2 orcs
  5 bats
  9 endoplasms
  A giant cockroach (D:2)
  6 goblins
  8 hobgoblins
  3 jackals
  5 quokkas
  3 ball pythons
  3 frilled lizards
  8 kobolds
  6 rats
72 creatures vanquished.

Notes
Turn   | Place    | Note
-------+----------+-------------------------------------------
     0 | D:1      | Zonian the Djinni Ice Elementalist began the quest for the
                  | Orb.
     0 | D:1      | Zonian set off with the following spells memorised: Freeze,
                  | Frozen Ramparts, Ozocubu's Armour, Summon Ice Beast.
     0 | D:1      | Reached XP level 1. HP: 15/15 MP: 0/0
   462 | D:1      | Reached XP level 2. HP: 6/21 MP: 0/0
  1176 | D:1      | Reached XP level 3. HP: 19/25 MP: 0/0
  1176 | D:1      | Learned a level 1 spell: Kiss of Death
  1541 | D:2      | Noticed an ogre
  2094 | D:2      | Reached XP level 4. HP: 26/31 MP: 0/0
  2329 | D:2      | Found Wetemuys's Weapon Shop.
  2989 | D:2      | Found Fiwitrue's Book Emporium.
  3403 | D:2      | Found Nureaj's Assorted Antiques.
  3412 | D:2      | Bought a clouded lapis lazuli ring for 90 gold pieces
  3412 | D:2      | Identified the ring "Uchymoci" {rF+ rC+ rN+ Slay+2} (You
                  | bought it in a shop on level 2 of the Dungeon)
  3510 | D:2      | Reached XP level 5. HP: 34/35 MP: 0/0
  3510 | D:2      | Learned a level 2 spell: Ensorcelled Hibernation
  3803 | D:3      | Reached skill level 4 in Spellcasting
  4517 | D:4      | Noticed Blork the orc
  4547 | D:4      | Noticed an ogre
  4595 | D:4      | Noticed Pikel
  4595 | D:4      | Noticed a lemure
  4596 | D:4      | Noticed a lemure
  4596 | D:4      | Noticed a lemure
  5168 | D:4      | Killed an ogre
  5169 | D:4      | Reached skill level 5 in Spellcasting
  5169 | D:4      | Reached XP level 6. HP: 40/40 MP: 0/0
  5192 | D:4      | Reached XP level 7. HP: 41/45 MP: 0/0
  5192 | D:4      | Learned a level 2 spell: Scorch
  5233 | D:4      | Mangled by an ogre

Illustrated notes

Levels and vault maps discovered:
D:1:      heliophobic_arrival_battle_scene, layout_basic
D:2:      minmay_angry_zag, layout_loops_ring, serial_shops, shop,
          nicolae_diamond_shop, nicolae_shop_stone, minmay_fractal_squares_5
D:3:      layout_basic
D:4:      layout_cave_pools, minmay_temple_entry_proselytizer, uniq_robin,
          uniq_pikel, uniq_blork_the_orc

Skill      XL: |  1  2  3  4  5 |
---------------+----------------+-----
Stealth        | 2 |  2.7
Dodging        | 3 |  3.4
Spellcasting   | 5 |  5.5

Action                   |  1- 3 |  4- 6 |  7- 9 || total
-------------------------+-------+-------+-------++-------
Melee: Unarmed           |     1 |       |       ||     1
       Dagger            |    42 |    52 |    22 ||   116
       Punch             |       |       |     1 ||     1
 Cast: Freeze            |    29 |    49 |     2 ||    80
       Frozen Ramparts   |       |     1 |       ||     1
       Ensorcelled Hiber |       |     1 |       ||     1
       Scorch            |       |       |     3 ||     3
  Use: Scroll            |       |     7 |       ||     7
       Potion            |       |     3 |     4 ||     7
 Stab: Sleeping          |     3 |     5 |       ||     8
Armor: Robe              |     9 |     7 |     1 ||    17
       Skin              |       |    96 |    78 ||   174
Dodge: Dodged            |    43 |    57 |    20 ||   120

Table legend: (Time is in decaauts)
 A = Elapsed time spent in this place.
 B = Non-inter-level travel time spent in this place.
 C = Inter-level travel time spent in this place.
 D = Time resting spent in this place.
 E = Time spent auto-exploring this place.
 F = Levels seen in this place.
 G = Mean time per level.
                   A        B        C        D        E       F      G
               +--------+--------+--------+--------+--------+-----+--------+
         Total |   5194 |   5087 |    107 |   2820 |   1561 |   4 | 1298.5 |
       Dungeon |   5194 |   5087 |    107 |   2820 |   1561 |   4 | 1298.5 |
               +--------+--------+--------+--------+--------+-----+--------+

Top non-repeatable levels by time:
     D:1: 1788 daAuts
     D:2: 1734 daAuts
     D:3: 1574 daAuts
     D:4: 97 daAuts
